 Dungeon Crawl Stone Soup version 0.24.1 (console) character file.

Game seed: 6980962701507920329, levelgen mode: deterministic

1120 OTRawrior the Destroyer (level 8, -8/44 HPs)
             Began as a Deep Elf Conjurer on Mar 27, 2020.
             Was an Initiate of Vehumet.
             Shot with an arrow by a centaur (17 damage)
             ... on level 5 of the Dungeon.
             The game lasted 00:11:45 (5511 turns).

OTRawrior the Destroyer (Deep Elf Conjurer)         Turns: 5511, Time: 00:11:45

Health: -8/44      AC:  5    Str:  7    XL:     8   Next: 12%
Magic:  18/20      EV: 14    Int: 21    God:    Vehumet [......]
Gold:   258        SH:  0    Dex: 15    Spells: 14/21 levels left

rFire    . . .     SeeInvis .   r - +0 whip (venom)
rCold    . . .     Gourm    .   (no shield)
rNeg     . . .     Faith    .   a - +0 robe
rPois    .         Spirit   .   (no helmet)
rElec    .         Reflect  .   p - +1 cloak
rCorr    .         Harm     .   y - +0 pair of gloves
MR       .....                  (no boots)
Stlth    ++........             (no amulet)
HPRegen  0.14/turn              A - ring of flight
MPRegen  0.17/turn              (no ring)

@: no status effects
A: no striking features
a: Renounce Religion, Evoke Flight


You were on level 5 of the Dungeon.
You worshipped Vehumet.
Vehumet was noncommittal.
You were not hungry.

You visited 2 branches of the dungeon, and saw 6 of its levels.

You collected 258 gold pieces.

Inventory:

Hand Weapons
 r - a +0 whip of venom (weapon)
Armour
 a - a +0 robe (worn)
 p - a +1 cloak (worn)
 y - a +0 pair of gloves (worn)
Jewellery
 A - a ring of flight (left hand)
Wands
 x - a wand of disintegration (19)
Scrolls
 d - a scroll of blinking {unknown}
 f - 2 scrolls of identify
 h - 2 scrolls of amnesia {unknown}
 n - a scroll of remove curse {unknown}
 q - a scroll of noise {unknown}
 t - a scroll of magic mapping {unknown}
 u - a scroll of random uselessness {unknown}
 v - a scroll of fear {unknown}
 w - a scroll of teleportation {unknown}
Potions
 b - a potion of degeneration {unknown}
 e - a potion of mutation {unknown}
 g - 2 potions of haste {unknown}
 i - 2 potions of flight {unknown}
 j - a potion of lignification {unknown}
 k - 4 potions of curing {unknown}
 l - a potion of berserk rage {unknown}
 m - 2 potions of heal wounds {unknown}
 o - a potion of invisibility {unknown}
 s - a potion of brilliance {unknown}
Comestibles
 c - 9 rations
 z - 2 chunks of flesh


   Skills:
 + Level 1.9 Fighting
 + Level 4.0 Dodging
 - Level 2.4 Stealth
 + Level 7.1 Spellcasting
 * Level 9.1 Conjurations


You had 14 spell levels left.
You knew the following spells:

 Your Spells              Type           Power        Failure   Level  Hunger
a - Magic Dart            Conj           ####         1%          1    None
b - Searing Ray           Conj           #####.       1%          2    None
c - Iskenderun's Mystic   Conj           #####...     1%          4    ###....

Your spell library contained the following spells:

 Spells                   Type           Power        Failure   Level  Hunger
 Dazzling Spray           Conj/Hex       ####..       4%          3    None
 Force Lance              Conj/Tloc      ####....     13%         4    ###....
 Fulminant Prism          Conj/Hex       ####......   13%         4    ###....


Dungeon Overview and Level Annotations

Branches:
Dungeon (5/15)             Temple (1/1) D:5

Altars:
Ashenzari
Elyvilon
Fedhas
Sif Muna
Vehumet
Wu Jian
Xom
Zin


Message History

Casting: Magic Dart (safe; 1% risk of failure)
Confirm with . or Enter, or press ? or * to list all spells.
Aiming: Magic Dart (safe; 1% risk of failure)
Press: ? - help, Shift-Dir - straight line, f/p - centaur
Aim: a centaur, wielding a +0 shortbow (lightly wounded)
The magic dart hits the centaur.
The centaur is heavily wounded.
The centaur shoots an arrow.
The arrow hits you!
The centaur shoots an arrow.
The arrow hits you!
Casting: Magic Dart (safe; 1% risk of failure)
Confirm with . or Enter, or press ? or * to list all spells.
Aiming: Magic Dart (safe; 1% risk of failure)
Press: ? - help, Shift-Dir - straight line, f/p - centaur
Aim: a centaur, wielding a +0 shortbow (heavily wounded)
The magic dart hits the centaur.
The centaur is heavily wounded.
The centaur shoots an arrow.
The arrow hits you!
* * * LOW HITPOINT WARNING * * *
The centaur shoots an arrow.
The arrow hits you!
You die...

....... ....... .
#........### .. ...........
... #####........... ....
.... ........# .....
###.####......#######......
##...).##......@....(.......
#..)....#.'###.######c......
.#....)..#......# .######
....._......##### .#
.#.......#).# ..
#.......#..# ...#
##.....##..# ..# ###.####..#
.c####+#### .........#
.........#


You could see a centaur.

Vanquished Creatures
  Grinder (D:5)
  A phantom (D:2)
  2 ogres (D:4)
  Blork the orc (D:4)
  A gnoll sergeant (D:5)
  A scorpion (D:5)
  A crimson imp (D:5)
  3 hounds
  An iguana (D:4)
  A worker ant (D:4)
  An orc wizard (D:5)
  Robin (D:3)
  4 gnolls (D:5)
  9 adders
  2 oozes
  An adder skeleton (D:5)
  5 worms
  4 dart slugs
  4 leopard geckos
  14 orcs
  2 ball pythons (D:2)
  7 giant cockroaches
  12 goblins
  13 hobgoblins
  9 jackals
  12 kobolds
  7 bats
  4 frilled lizards
  A leopard gecko skeleton (D:4)
  2 quokka skeletons (D:4)
  A quokka zombie (D:5)
  4 rats
132 creatures vanquished.

Notes
Turn   | Place    | Note
-------+----------+-------------------------------------------
     0 | D:1      | OTRawrior the Deep Elf Conjurer began the quest for the
                  | Orb.
     0 | D:1      | Reached XP level 1. HP: 10/10 MP: 6/6
   242 | D:1      | Reached XP level 2. HP: 15/15 MP: 0/8
   297 | D:1      | Learned a level 2 spell: Searing Ray
   387 | D:1      | Reached skill level 5 in Conjurations
   588 | D:1      | Reached XP level 3. HP: 19/19 MP: 2/10
  1345 | D:2      | Reached XP level 4. HP: 24/24 MP: 10/12
  1396 | D:2      | Learned a level 4 spell: Iskenderun's Mystic Blast
  1460 | D:2      | Reached skill level 6 in Conjurations
  1791 | D:2      | Reached XP level 5. HP: 28/28 MP: 11/13
  2094 | D:2      | Noticed a phantom
  2101 | D:2      | Killed a phantom
  2101 | D:2      | Reached skill level 5 in Spellcasting
  2375 | D:3      | Reached skill level 7 in Conjurations
  2519 | D:3      | Noticed Robin
  2528 | D:3      | Reached XP level 6. HP: 27/32 MP: 3/16
  2531 | D:3      | Killed Robin
  2898 | D:3      | Found an ornate altar of the Wu Jian Council.
  3220 | D:3      | Found a glowing silver altar of Zin.
  3220 | D:3      | Noticed an angel
  3594 | D:3      | Found a faded altar of an unknown god.
  3759 | D:4      | Found a shattered altar of Ashenzari.
  3977 | D:4      | Reached skill level 8 in Conjurations
  3977 | D:4      | Reached XP level 7. HP: 36/36 MP: 3/18
  4436 | D:4      | Noticed Blork the orc
  4451 | D:5      | Entered Level 5 of the Dungeon
  4499 | D:5      | Found a staircase to the Ecumenical Temple.
  4512 | Temple   | Entered the Ecumenical Temple
  4532 | Temple   | Became a worshipper of Vehumet
  4616 | D:4      | Killed Blork the orc
  4621 | D:4      | Reached skill level 1 in Fighting
  5021 | D:5      | Noticed Grinder
  5025 | D:5      | Killed Grinder
  5211 | D:5      | Reached skill level 9 in Conjurations
  5211 | D:5      | Reached XP level 8. HP: 36/44 MP: 2/20
  5406 | D:5      | Found a shimmering blue altar of Sif Muna.
  5511 | D:5      | Shot with an arrow by a centaur

Levels and vault maps discovered:
D:1:      minmay_arrival_solitary_statue, layout_rooms
D:2:      layout_loops_ring, first_ration
D:3:      layout_basic, nicolae_overflow_crystal_walls, zin_angel,
          chequers_ecumenical_altar_lobes, minmay_misc_feat_square, uniq_robin
D:4:      layout_loops_ring, overflow_temple_1_default, uniq_blork_the_orc
D:5:      layout_basic, old_standard_altar, minmay_temple_entry_mist,
          serial_shops, nicolae_shop_crystal, uniq_crazy_yiuf_cottage,
          uniq_grinder
Temple:   jpeg_temple_clearing

Skill      XL: |  1  2  3  4  5  6  7  8 |
---------------+-------------------------+-----
Conjurations   | 5 6 7 8 9 |  9.1
Spellcasting   | 4 5 6 7 |  7.1
Dodging        | 3 4 |  4.0
Fighting       | 1 |  1.9
Stealth        | |  2.4

Action                   |  1- 3 |  4- 6 |  7- 9 || total
-------------------------+-------+-------+-------++-------
Melee: Whip              |     8 |     8 |    14 ||    30
       Flail             |       |     6 |       ||     6
 Cast: Magic Dart        |    74 |    98 |    63 ||   235
       Searing Ray       |     3 |    13 |     4 ||    20
       Iskenderun's Myst |       |     7 |    13 ||    20
  Use: Scroll            |       |       |     1 ||     1
 Stab: Sleeping          |     2 |     1 |       ||     3
  Eat: Chunk             |     1 |     9 |     6 ||    16
Armor: Robe              |     6 |     6 |     7 ||    19
Dodge: Dodged            |    15 |    33 |    28 ||    76
